 Dungeon Crawl Stone Soup version 0.31.0-9-g3a7656b989 (webtiles) character file.

Game seed: 5904451266605389121

105 qw the Skirmisher (level 4, -5/25 HPs)
             Began as a Deep Elf Hunter on Feb 2, 2024.
             Slain by an iguana (10 damage)
             ... on level 6 of the Dungeon.
             The game lasted 00:00:09 (2737 turns).

qw the Skirmisher (Deep Elf Hunter)                 Turns: 2737, Time: 00:00:10

Health: -5/25      AC:  3    Str: 10    XL:     4   Next: 54%
Magic:  6/6        EV: 12    Int: 14    God:
Gold:   163        SH:  0    Dex: 18    Spells: 3/3 levels left

rFire   + . .        a - +0 shortbow
rCold   + . .        (shield currently unavailable)
rNeg    . . .        c - +0 leather armour
rPois   .            (no helmet)
rElec   .            e - scarf {rC+ rF+}
rCorr   .            (no gloves)
SInv    .            (no boots)
Will    .....        (no amulet)
Stlth   ++           (no ring)
HPRegen 0.24/turn    (no ring)
MPRegen 0.10/turn

%: no passive effects
@: no status effects
A: no striking features
a: no special abilities


You were on level 6 of the Dungeon.
You visited 1 branch of the dungeon, and saw 4 of its levels.

You collected 163 gold pieces.


   Skills:
 - Level 1.5 Fighting
 + Level 8.0 Ranged Weapons
 - Level 2.4 Dodging
 - Level 1.2 Stealth


You had 3 spell levels left.
You didn't know any spells.
Your spell library was empty.

Inventory:

Hand Weapons
 a - a +0 shortbow (weapon)
Armour
 c - a +0 leather armour (worn)
 e - a scarf of resistance (worn)
 i - a +0 scale mail
 k - a +0 ring mail
Scrolls
 b - 2 scrolls of enchant weapon {unknown}
 f - a scroll of teleportation {unknown}
 l - a scroll of identify
Potions
 d - a potion of curing
 g - a potion of cancellation
 h - a potion of might {unknown}
 j - a potion of heal wounds {unknown}

Dungeon Overview and Level Annotations

Branches:
Dungeon (3/15)

Altars:
Sif Muna
Uskayaw
Zin


Message History

You shoot an arrow. The arrow hits the ball python!
You kill the ball python!
You see here 5 stones.
You open the door.
Found a stone staircase leading down.
You now have 163 gold pieces (gained 15).
A hobgoblin comes into view.
A malevolent force fills the Dungeon...
You fall into a shaft and drop 3 floors!
The shaft crumbles and collapses.
Found a trident.
Waypoint 3 assigned to D:6.
You see here a +0 trident.
An iguana comes into view.
You shoot an arrow.
The arrow hits the iguana but does no damage.
You shoot an arrow. The arrow closely misses the iguana.
You shoot an arrow.
The arrow hits the iguana but does no damage.
You shoot an arrow. The arrow hits the iguana.
The iguana is moderately wounded.
You shoot an arrow.
The arrow hits the iguana but does no damage.
The iguana is moderately wounded.
You shoot an arrow. The arrow barely misses the iguana.
You shoot an arrow. The arrow closely misses the iguana.
The iguana bites you!
You shoot an arrow.
The arrow hits the iguana but does no damage.
The iguana is moderately wounded.
The iguana bites you.
You shoot an arrow. The arrow barely misses the iguana.
The iguana closely misses you.
You shoot an arrow.
The arrow hits the iguana but does no damage.
The iguana is moderately wounded.
The iguana bites you.
You shoot an arrow. The arrow closely misses the iguana.
The iguana bites you!
You die...

... #.#
#.# #.#
#.# #.#
#l# #@#
#.######.#
#).......#
########.#


You could see an iguana.

Vanquished Creatures
  3 adders
  3 dart slugs
  3 ball pythons
  7 endoplasms
  3 giant cockroaches
  6 goblins
  8 hobgoblins
  3 jackals (D:3)
  8 kobolds
  8 quokkas
  2 bats
  5 frilled lizards
  5 rats
64 creatures vanquished.

Notes
Turn   | Place    | Note
-------+----------+-------------------------------------------
     0 | D:1      | qw the Deep Elf Hunter began the quest for the Orb.
     0 | D:1      | Reached XP level 1. HP: 12/12 MP: 3/3
     0 | D:1      | 0 ||| qw: Version: 0.3-a-155-g5e7d8dd
     0 | D:1      | 0 ||| qw: Game counter: 2481
     0 | D:1      | 0 ||| qw: Melee chars always use a shield: true
     0 | D:1      | 0 ||| qw: God list: Okawaru
     0 | D:1      | 0 ||| qw: Allow faded altars: false
     0 | D:1      | 0 ||| qw: Do Orc after clearing Dungeon:15 true
     0 | D:1      | 0 ||| qw: Do second Lair branch before Depths: true
     0 | D:1      | 0 ||| qw: Lair rune preference: random
     0 | D:1      | 0 ||| qw: Goals: Normal
     0 | D:1      | 0 ||| PLANNING D:1-11
   102 | D:1      | Reached XP level 2. HP: 16/16 MP: 4/4
   104 | D:1      | Reached skill level 6 in Ranged Weapons
   314 | D:1      | Found a faded altar of an unknown god.
   417 | D:1      | Reached XP level 3. HP: 20/20 MP: 5/5
   690 | D:1      | 690 ||| READING scroll labelled JOASHO KUZIUBB.
   691 | D:1      | 691 ||| READING scroll labelled UMNOOFFAASCH.
   692 | D:1      | 692 ||| READING scroll labelled FIDWUH SIMUV.
   692 | D:1      | 692 ||| IDENTIFYING fizzy yellow potion
   693 | D:1      | 693 ||| DRINKING 3 green potions.
   694 | D:1      | 694 ||| DROPPING scroll of butterflies.
   696 | D:1      | 696 ||| Stepping ~*~*~tactically~*~*~ (cloud).
   696 | D:1      | HP: 3/20 [poisoned by you (poison gas)]
   697 | D:1      | 697 ||| DRINKING 2 potions of curing.
   697 | D:1      | 697 ||| (to cure poison)
   975 | D:2      | Reached skill level 7 in Ranged Weapons
  1748 | D:2      | 1748 ||| UPGRADING to scarf of resistance.
  1753 | D:2      | 1753 ||| READING scroll of identify.
  1753 | D:2      | 1753 ||| IDENTIFYING sedimented inky potion
  1754 | D:2      | 1754 ||| DROPPING potion of brilliance.
  1821 | D:3      | Reached XP level 4. HP: 25/25 MP: 6/6
  1918 | D:3      | Found a hide-covered altar of Uskayaw.
  1922 | D:3      | Found a shimmering blue altar of Sif Muna.
  2202 | D:3      | Found a glowing silver altar of Zin.
  2527 | D:3      | Reached skill level 8 in Ranged Weapons
  2723 | D:3      | You fall into a shaft and drop 3 floors!
  2736 | D:6      | HP: 5/25 [iguana (4)]
  2737 | D:6      | Slain by an iguana

Levels and vault maps discovered:
D:1:      lemuel_arrival_room, layout_loops_ring,
          hellmonk_ecumenical_altar_lost_god
D:2:      layout_loops_corners
D:3:      layout_basic, zin_statuary, jmf_multi_god_temple2
D:6:      layout_loops_ring, xom_butterflies, minmay_temple_entry_poolview,
          hangedman_decor_peaks_small, uniq_maggie, uniq_duvessa

Skill      XL: |  1  2  3  4 |
---------------+-------------+-----
Ranged Weapons | 6 7 8 |  8.0
Fighting       | |  1.5
Dodging        | |  2.4
Stealth        | |  1.2

Action                     |  1- 3 |  4- 6 || total
---------------------------+-------+-------++-------
   Fire: Shortbow          |   133 |    52 ||   185
    Use: Scroll            |     4 |       ||     4
         Potion            |     2 |       ||     2
 Armour: Leather armour    |    25 |    10 ||    35
  Dodge: Dodged            |    27 |     2 ||    29

Table legend:
 A = Non-vault XP
 B = Vault XP
 C = Vault XP percentage of total XP
 D = Non-vault monster count
 E = Vault monster count
 F = Vault count percentage of total count
                 A         B        C        D         E       F
            +---------+---------+-------+---------+---------+-------
      Total |     147 |       4 |   2.6 |      62 |       2 |   3.1
            +---------+---------+-------+---------+---------+-------
        D:1 |      49 |       0 |   0.0 |      28 |       0 |   0.0
        D:2 |      42 |       0 |   0.0 |      18 |       0 |   0.0
        D:3 |      56 |       4 |   6.7 |      16 |       2 |  11.1
            +---------+---------+-------+---------+---------+-------
